 Dungeon Crawl Stone Soup version 0.30-a0-1160-g6e42c06551 (console) character file.

Game seed: 17497471788360898227

81 petzl the Sneak (level 4, -5/35 HPs)
             Began as a Formicid Delver on Apr 27, 2023.
             Killed from afar by a white imp (13 damage)
             ... with a puff of frost
             ... on level 6 of the Dungeon.
             The game lasted 00:03:01 (214 turns).

petzl the Sneak (Formicid Delver)                    Turns: 214, Time: 00:03:02

Health: -5/35      AC:  3    Str: 16    XL:     4   Next: 67%
Magic:  6/7        EV: 12    Int: 12    God:
Gold:   0          SH:  0    Dex: 15    Spells: 7/7 levels left

rFire   . . .        h - +6 shillelagh "Devastator" {shatter}
rCold   . . .        (no shield)
rNeg    . . .        b - +0 leather armour
rPois   .            (helmet unavailable)
rElec   .            (no cloak)
rCorr   .            (no gloves)
SInv    +            (no boots)
Will    .....        (no amulet)
Stlth   +++          (no ring)
HPRegen 0.25/turn    (no ring)
MPRegen 0.10/turn

%: no passive effects
@: no status effects
A: permanent stasis, dig shafts and tunnels, antennae 3, four strong arms
a: Dig, Shaft Self


You were on level 6 of the Dungeon.
You visited 1 branch of the dungeon, and saw 2 of its levels.

Inventory:

Hand Weapons
 h - the +6 shillelagh "Devastator" (weapon) {shatter}
   (You found it on level 6 of the Dungeon)
Armour
 b - a +0 leather armour (worn)
Wands
 f - a wand of digging (3)
Scrolls
 c - a scroll of fog
 d - a scroll of magic mapping
 g - a scroll of poison {unknown}


   Skills:
 - Level 3.2 Fighting
 + Level 3.0 Maces & Flails
 - Level 1.7 Dodging
 + Level 6.8 Stealth
 + Level 2.0 Spellcasting


You had 7 spell levels left.
You didn't know any spells.
Your spell library was empty.

Dungeon Overview and Level Annotations

Branches:
Dungeon (6/15)
 Temple: D:4-7

Altars:
Okawaru


Innate Abilities, Weirdness & Mutations

You cannot be hasted, slowed, berserked, paralysed or teleported.
You can dig through walls and to a lower floor.
You have a pair of large antennae on your head. (SInv)
Your four strong arms can wield two-handed weapons with a shield.


Message History

The white imp is lightly wounded.
You have reached level 4!
You feel clever.
Unknown command.
Unknown command.
Unknown command.
You hit the gnoll.
The white imp shudders.
You kill the gnoll!
The white imp hits you. The white imp freezes you.
Unknown command.
You barely miss the white imp.
The white imp is lightly wounded.
The white imp hits you. The white imp freezes you.
You hit the adder.
The adder and the white imp shudder.
You kill the adder!
The white imp is heavily wounded.
The white imp hits you. The white imp freezes you. The white imp hits you.
The white imp freezes you.
* * * LOW HITPOINT WARNING * * *
Your Maces & Flails skill increases to level 3!
Unknown command.
As you read the scroll of fear, it crumbles to dust.
You assume a fearsome visage.
The white imp looks frightened!
The gnoll looks frightened!
You sock the gnoll!
The white imp shudders.
Your attack snaps the white imp out of its fear.
You kill the gnoll!
Your Spellcasting skill increases to level 2!
Okay, then.
Unknown command.
Unknown command.
Unknown command.
You barely miss the white imp.
The white imp is heavily wounded.
The white imp completely misses you.
You hit the white imp but do no damage.
The white imp is heavily wounded.
The white imp gestures at you. The puff of frost hits you!
You die...

. #### ..####..##
.....#...## .
......g...## .
##.......## .
#.........# .
###.........##
........#....#
...........#@###
..........<)5..###
..#!.............#
................##
............##..#
.8.........##..##
8>8............#
.8.........#...#
.o.........#...##
.....$.....#....##
..#..............##
............#
..........)#
...#........#
...#....#..##
....##.##### .. ##


You could see a gnoll (fleeing) and a white imp.

Vanquished Creatures
  A hound (D:5)
  An adder (D:6)
  3 gnolls (D:6)
  A shadow imp (D:6)
  2 orcs (D:5)
8 creatures vanquished.

Notes
Turn   | Place    | Note
-------+----------+-------------------------------------------
     0 | D:5      | petzl the Formicid Delver began the quest for the Orb.
     0 | D:5      | Reached XP level 1. HP: 18/18 MP: 1/1
     3 | D:5      | Noticed a sleepcap
    41 | D:5      | Found an iron altar of Okawaru.
   110 | D:6      | Found the +6 shillelagh "Devastator" {shatter}
   128 | D:6      | Reached XP level 2. HP: 24/24 MP: 1/3
   168 | D:5      | Reached skill level 1 in Spellcasting
   177 | D:5      | Reached XP level 3. HP: 29/29 MP: 3/5
   180 | D:5      | Noticed a black bear
   208 | D:6      | Reached XP level 4. HP: 30/35 MP: 6/6
   214 | D:6      | Killed from afar by a white imp

Illustrated notes

Levels and vault maps discovered:
D:5:      kennysheep_spiral_hall, layout_basic, okawaru_gym_becter,
          lemuel_round_altar, dreamdust_gnoll_farm
D:6:      layout_cave_pools, st_stairs_14

Skill      XL: |  1  2  3  4 |
---------------+-------------+-----
Spellcasting   | 1 2 |  2.0
Maces & Flails | 3 |  3.0
Fighting       | |  3.2
Dodging        | |  1.7
Stealth        | |  6.8

Action                     |  1- 3 |  4- 6 || total
---------------------------+-------+-------++-------
  Melee: Shillelagh        |    10 |     6 ||    16
    Use: Scroll            |       |     1 ||     1
   Stab: Sleeping          |     1 |       ||     1
 Armour: Leather armour    |     1 |       ||     1
  Dodge: Dodged            |    11 |     1 ||    12

Table legend: (Time is in decaauts)
 A = Elapsed time spent in this place.
 B = Non-inter-level travel time spent in this place.
 C = Inter-level travel time spent in this place.
 D = Time resting spent in this place.
 E = Time spent auto-exploring this place.
 F = Levels seen in this place.
 G = Mean time per level.
                   A        B        C        D        E       F      G
               +--------+--------+--------+--------+--------+-----+--------+
         Total |    217 |    217 |      0 |      6 |     21 |   2 |  108.5 |
       Dungeon |    217 |    217 |      0 |      6 |     21 |   2 |  108.5 |
               +--------+--------+--------+--------+--------+-----+--------+

Top non-repeatable levels by time:
     D:5: 138 daAuts
     D:6: 79 daAuts
